 Dungeon Crawl Stone Soup version 0.31-a0-564-g3b7de120b3 (webtiles) character file.

Game seed: 3599717070942893805

15023 Xavori the Covert (level 12, -9/82 HPs)
             Began as an Octopode Chaos Knight on Aug 17, 2023.
             Was a Plaything of Xom.
             Mangled by an azure jelly (10 damage)
             ... while paralysed by a floating eye
             ... in an ice cave.
             The game lasted 00:19:09 (17629 turns).

Xavori the Covert (Octopode Chaos Knight)          Turns: 17629, Time: 00:19:11

Health: -9/82      AC:  5    Str: 15    XL:     12   Next: 22%
Magic:  0/12       EV:  2    Int: 18    God:    Xom [......]
Gold:   384        SH:  0    Dex: 21    Spells: 11/11 levels left

rFire   . . .        d - +4 dagger (chaos)
rCold   + + .        (no shield)
rNeg    + + +        (helmet restricted)
rPois   +            h - amulet "Ocimesk" {Spirit rPois rN+ Int+4}
rElec   .            q - ring of positive energy
rCorr   .            x - +6 ring of dexterity
SInv    .            B - ring of positive energy
Will    .....        c - ring of protection from fire
Stlth   +++++++      D - +5 ring of evasion
HPRegen 1.13/turn    f - ring of ice
MPRegen 0.13/turn    (no ring)
                     (no ring)

%: guardian spirit
@: paralysed, mighty, cleaving
A: almost no armour, amphibious, 8 rings, camouflage 1, gelatinous body 1,
(nimble swimmer 1), tentacles, iridescent scales 2, large bone plates 1, cold
resistance 1, sense surroundings 1, regeneration 1, strong 1
a: Renounce Religion


You were in an ice cave.
You worshipped Xom.
You were a very special plaything of Xom.
You visited 2 branches of the dungeon, and saw 11 of its levels.
You also visited: Ice Cave.

You collected 605 gold pieces.
You spent 221 gold pieces at shops.

Inventory:

Hand Weapons
 d - a +4 dagger of chaos (weapon)
 F - the +8 scimitar "Kecannene" {venom, rPois rC+}
   (You found it on level 9 of the Dungeon)

   rC+:       It protects you from cold.
   rPois:     It protects you from poison
Missiles
 k - a throwing net
Jewellery
 c - a ring of protection from fire (on tentacle)
 f - a ring of ice (on tentacle)
 h - the amulet "Ocimesk" (around mantle) {Spirit rPois rN+ Int+4}
   (Xom gifted it to you on level 2 of the Dungeon)

   [amulet of guardian spirit]

   Spirit:    It causes incoming damage to be divided between your reserves of
   health and magic.
   Int+4:     It affects your intelligence (+4).
   rPois:     It protects you from poison rN+: It protects you from negative
   energy.
 q - a ring of positive energy (left tentacle)
 s - an amulet of the acrobat
 w - an amulet of faith
 x - a +6 ring of dexterity (right tentacle)
 B - a ring of positive energy (on tentacle)
 D - a +5 ring of evasion (on tentacle)
Talismans
 C - a blade talisman
Wands
 e - a wand of roots (8)
 l - a wand of light (22)
 p - a wand of digging (3)
 t - a wand of polymorph (28)
 y - a wand of charming (19)
 z - a wand of flame (45)
Scrolls
 a - a scroll of vulnerability
 b - 2 scrolls of butterflies
 j - a scroll of fog
 o - 2 scrolls of enchant armour
 r - 8 scrolls of teleportation
 u - a scroll of silence
 E - 2 scrolls of enchant weapon
 H - 2 scrolls of fear
 I - a scroll of blinking
Potions
 g - 4 potions of brilliance
 i - a potion of cancellation
 m - 2 potions of haste
 n - a potion of mutation
 v - a potion of resistance
 A - 2 potions of ambrosia


   Skills:
 + Level 8.1 Fighting
 + Level 9.7 Short Blades
 + Level 9.2 Dodging
 + Level 14.8 Stealth
 + Level 0.2 Shields
 * Level 6.8 Evocations
 * Level 3.0 Shapeshifting


You had 11 spell levels left.
You didn't know any spells.
Your spell library contained the following spells:

 Spells                   Type           Power      Damage    Failure   Level
 Apportation              Tloc           0%         N/A       22%         1
 Necrotise                Necr           0%         1d4       22%         1
 Summon Small Mammal      Summ           0%         N/A       22%         1
 Ensorcelled Hibernation  Hex/Ice        0%         N/A       32%         2
 Vampiric Draining        Necr           0%         2d6       54%         3
 Anguish                  Hex/Necr       0%         N/A       91%         4
 Agony                    Necr           0%         N/A       99%         5


Dungeon Overview and Level Annotations

Branches:
Dungeon (10/15)            Temple (0/1) D:4            Lair (1/5) D:8
    Orc (0/2) D:10          IceCv (1/1)

Altars:
Cheibriados
Dithmenos
Elyvilon
Fedhas
Gozag
Okawaru
Qazlal
Sif Muna
Trog
Vehumet
Wu Jian
Xom
Yredelemnul
Zin

Shops:
D:2 *   D:5 *   D:6 [   D:10 ?

Annotations:
D:7 3 runed translucent doors, Findleman's ghost, novice DsMo
D:9 exclusion: statue


Innate Abilities, Weirdness & Mutations

You cannot wear most types of armour.
You are amphibious.
You can wear up to eight rings at the same time.
Your skin changes colour to match your surroundings (Stealth+).
Your rubbery body absorbs attacks. (AC +1, EV +1)
((You are camouflaged when in or above water. (Stealth+)))
You have tentacles for arms and can constrict up to eight enemies at once.
You are mostly covered in iridescent scales. (AC +4)
You are partially covered in large bone plates. (SH +4)
Your flesh is cold resistant. (rC+)
You passively map a small area around you.
Your natural rate of healing is unusually fast.
Your muscles are strong. (Str +4, Int/Dex -1)


Message History

The slime creature evaporates and reforms as a floating eye!
Two slime creatures merge to form a titanic slime creature.
The floating eye pulsates ominously.
The skyshark attacks as you move away! The skyshark barely misses you.
The skyshark tail-slaps you. The skyshark closely misses you.
The floating eye seems to glare at you. The skyshark attacks as you move away!
The skyshark completely misses you. x3
The skyshark bites you!!
The skyshark tastes blood and grows stronger!
The skyshark completely misses you. x2
You hit the skyshark.
The skyshark seems to speed up.
The skyshark is lightly wounded.
The skyshark hisses menacingly.
You block the skyshark's attack. x2; The skyshark closely misses you.
Aiming: Bolt of Light
Press: ? - help, Shift-Dir - straight line, f - skyshark
Aim: a skyshark (fast, strong, 81% to hit)
The bolt of light hits the skyshark!
The skyshark is lightly wounded.
The skyshark is blinded.
The bolt of light hits the azure jelly!
The azure jelly is lightly wounded.
The skyshark closely misses you. The skyshark barely misses you.
The skyshark closely misses you.
The floating eye gazes piercingly through you!
You suddenly lose the ability to move!
The skyshark bites you!
The skyshark enters a blood-rage!
The skyshark tail-slaps you! x2; The skyshark bites you!
The skyshark tail-slaps you!
* * * LOW HITPOINT WARNING * * *
The skyshark tail-slaps you.
* * * LOW HITPOINT WARNING * * *
The azure jelly hits you.
* * * LOW HITPOINT WARNING * * *
The azure jelly freezes you! You resist.
* * * LOW HITPOINT WARNING * * *
The azure jelly hits you.
* * * LOW HITPOINT WARNING * * *
The azure jelly freezes you! You resist.
You die...
Xom guffaws!

.... , , ,.Z.....####.....#
..#. , #########.......##
.... , * #######..Z.....##
.... ######........J..####
######..........Z.J..##
###.......#####.#####
#.......### ##G########
###....### #.lJ......###
.###....### ###.@.........##
...###....###.....###......#
#...............######.....#
##....####....###.[........#
.##....########..[.##.....##
..###......##.....##.....##
....####.......####...####
##.....###...####....##
###.....#####.....###


You could see an azure jelly, a skyshark (berserk, fast, blind), a floating eye
and a shapeshifter simulacrum.

Vanquished Creatures
  A quicksilver ooze (IceCv)
  Amaemon (D:8)
  Pikel (D:5)
  Joseph (D:8)
  An ice statue (IceCv)
  Jeremiah (D:8)
  An orange demon (D:8)
  A cane toad (Lair:1)
  A komodo dragon (Lair:1)
  Psyche (D:8)
  A troll (D:7)
  A merfolk (IceCv)
  The ghost of Hubris850 the Changeling, an amateur DrSh (D:6)
  Grinder (D:5)
  6 slime creatures (IceCv)
  Eustachio (D:4)
  6 yaks
  4 wyverns
  A basilisk (D:8)
  Grum (D:8)
  4 steam dragons
  Menkaure (D:7)
  3 wargs
  An acid dragon (D:10)
  2 ice beasts
  8 orc warriors
  A hornet zombie (D:7)
  A black bear (D:6)
  2 great orb of eyes simulacra (IceCv)
  An ogre (D:4)
  3 wolves (D:8)
  2 lemures (D:5)
  3 centaurs
  A slime creature simulacrum (IceCv)
  2 phantoms
  9 kobold brigands
  2 bullfrogs (D:7)
  3 gnoll sergeants (D:6)
  3 scorpions
  7 wights
  4 glowing shapeshifter simulacra (IceCv)
  A water moccasin zombie (D:7)
  10 killer bees
  5 howler monkeys
  An electric eel (D:10)
  8 orc priests
  8 hounds
  5 gnoll boudas
  Crazy Yiuf (D:4)
  A jelly (D:6)
  Ijyb (D:3)
  Jessica (D:3)
  3 iguanas
  Natasha (twice) (D:3)
  12 orc wizards
  A sleepcap (D:7)
  3 shapeshifter simulacra (IceCv)
  3 adders
  23 gnolls
  A white imp (D:6)
  2 ufetubi (D:5)
  2 worms (D:2)
  4 dart slugs
  28 orcs
  8 bats
  8 endoplasms
  3 giant cockroaches
  10 goblins
  8 hobgoblins
  3 jackals
  17 kobolds
  2 quokkas
  9 ball pythons
  7 frilled lizards
  6 rats
303 creatures vanquished.

Vanquished Creatures (collateral kills)
  A steam dragon (D:8)
  An orc priest (D:10)
  3 orcs
  An endoplasm (D:4)
  A jackal (D:6)
7 creatures vanquished.

Vanquished Creatures (others)
  4 yaks (Lair:1)
  A centaur (D:8)
5 creatures vanquished.

Grand Total: 315 creatures vanquished

Notes
Turn   | Place    | Note
-------+----------+-------------------------------------------
     0 | D:1      | Xavori the Octopode Chaos Knight began the quest for the
                  | Orb.
     0 | D:1      | Reached XP level 1. HP: 16/16 MP: 1/1
   186 | D:1      | XOM: divination: detect creatures
   915 | D:1      | XOM: noise
   930 | D:1      | XOM: cast spell 'Olgreb's Toxic Radiance'
   946 | D:1      | XOM: divination: detect creatures
   960 | D:1      | Reached XP level 2. HP: 19/21 MP: 2/2
   996 | D:1      | XOM: noise
  1099 | D:1      | XOM: 1-stop teleportation journey
  1264 | D:1      | Reached XP level 3. HP: 23/26 MP: 3/3
  1430 | D:1      | XOM: confuse monster(s)
  2581 | D:1      | XOM: noise
  2916 | D:1      | XOM: silly message
  3283 | D:1      | XOM: divination: magic mapping
  3315 | D:1      | XOM: divination: detect creatures
  3398 | D:1      | XOM is BORED!
  3398 | D:1      | XOM: silly message
  3805 | D:1      | XOM is BORED!
  3805 | D:1      | XOM: silly message
  3895 | D:1      | XOM: silly message
  4057 | D:1      | XOM: noise
  4386 | D:1      | XOM: divination: detect creatures
  4751 | D:1      | XOM: summons 4 hostile shadow creatures
  5196 | D:1      | XOM is BORED!
  5196 | D:1      | XOM: summons 2 hostile demons
  5345 | D:2      | XOM: give mutations
  5345 | D:2      | Gained mutation: Your flesh is cold resistant. (rC+) [Xom's
                  | grace]
  5345 | D:2      | Gained mutation: You passively map a small area around you.
                  | [Xom's grace]
  5345 | D:2      | Gained mutation: You are partially covered in iridescent
                  | scales. (AC +2) [Xom's grace]
  5345 | D:2      | Gained mutation: Your natural rate of healing is unusually
                  | fast. [Xom's grace]
  5588 | D:2      | Identified the amulet "Ocimesk" {Spirit rPois rN+ Int+4}
                  | (Xom gifted it to you on level 2 of the Dungeon)
  5588 | D:2      | XOM: god gift: amulet "Ocimesk" {Spirit rPois rN+ Int+4}
  5808 | D:1      | XOM: torment (17/26 hp)
  5940 | D:1      | XOM: silly message
  6147 | D:1      | XOM: give mutations
  6147 | D:1      | Gained mutation: Your muscles are strong. (Str +4, Int/Dex
                  | -1) [Xom's grace]
  6147 | D:1      | Gained mutation: You are agile. (Dex +4, Str/Int -1) [Xom's
                  | grace]
  6147 | D:1      | Gained mutation: You are mostly covered in iridescent
                  | scales. (AC +4) [Xom's grace]
  6147 | D:1      | Gained mutation: Your muscles are very strong. (Str +8,
                  | Int/Dex -2) [Xom's grace]
  6263 | D:2      | XOM: scenery: summon butterflies
  6325 | D:2      | XOM: god gift: ring mail {god gift}
  6501 | D:2      | XOM: 2-stop teleportation journey
  6517 | D:2      | Reached skill level 1 in Stealth
  6611 | D:2      | Reached XP level 4. HP: 31/31 MP: 4/4
  6644 | D:2      | XOM: 4-stop teleportation journey
  6659 | D:2      | Found Pijiek's Assorted Antiques.
  6680 | D:2      | Bought a scroll labelled HYPSAYXOUMM for 27 gold pieces
  6680 | D:2      | Bought a lumpy yellow potion for 24 gold pieces
  7071 | D:2      | Reached skill level 2 in Stealth
  7170 | D:2      | XOM: summons 3 hostile demons
  7248 | D:2      | XOM: scenery: summon butterflies
  7475 | D:3      | Noticed Ijyb
  7487 | D:3      | Killed Ijyb
  7510 | D:3      | Noticed Natasha
  7512 | D:3      | Killed Natasha
  7513 | D:3      | Reached skill level 3 in Stealth
  7513 | D:3      | Reached XP level 5. HP: 36/36 MP: 5/5
  7560 | D:3      | XOM: god gift: robe {god gift}
  7622 | D:3      | Noticed Jessica
  7629 | D:3      | Killed Jessica
  7676 | D:3      | XOM: god gift: wand of polymorph (6)
  7683 | D:3      | XOM: cloud trail
  7701 | D:3      | XOM: give mutations
  7701 | D:3      | Lost mutation: Your muscles are very strong. (Str +8,
                  | Int/Dex -2) [Xom's mischief]
  7701 | D:3      | Lost mutation: Your natural rate of healing is unusually
                  | fast. [Xom's mischief]
  7701 | D:3      | Lost mutation: You are agile. (Dex +4, Str/Int -1) [Xom's
                  | mischief]
  7701 | D:3      | Gained mutation: You possess an exceptional clarity of
                  | mind. [Xom's mischief]
  7756 | D:3      | XOM: scenery: summon butterflies
  7877 | D:3      | Found a glowing silver altar of Zin.
  7877 | D:3      | Noticed an angel
  8002 | D:3      | Noticed Natasha
  8003 | D:3      | XOM: swap monsters
  8011 | D:3      | Killed Natasha
  8081 | D:3      | Found a bloodstained altar of Trog.
  8087 | D:3      | Reached skill level 4 in Stealth
  8093 | D:3      | XOM: scenery: create altars
  8107 | D:3      | Reached XP level 6. HP: 36/43 MP: 0/6
  8419 | D:4      | Found a runed translucent door.
  8420 | D:4      | Noticed Crazy Yiuf
  8443 | D:4      | Reached skill level 5 in Short Blades
  8503 | D:4      | XOM: polymorph endoplasm -> ball python
  8519 | D:4      | Noticed Eustachio
  8525 | D:4      | XOM: enchant monster (good)
  8562 | D:4      | XOM: cast spell 'Leda's Liquefaction'
  8565 | D:4      | Killed Eustachio
  8566 | D:4      | Reached skill level 5 in Stealth
  8566 | D:4      | Reached XP level 7. HP: 10/48 MP: 2/7
  8678 | D:4      | XOM: cloud trail
  8726 | D:4      | Found an iron altar of Okawaru.
  8864 | D:4      | Found a staircase to the Ecumenical Temple.
  8931 | D:4      | XOM: confuse monster(s)
  8969 | D:4      | Reached skill level 1 in Evocations
  9022 | D:4      | XOM: god gift: 27 gold pieces
  9281 | D:4      | Killed Crazy Yiuf
  9282 | D:4      | Reached skill level 6 in Stealth
  9312 | D:5      | Entered Level 5 of the Dungeon
  9333 | D:5      | Found Vasul's Assorted Antiques.
  9368 | D:5      | Noticed Pikel
  9382 | D:5      | XOM: confuse monster(s)
  9514 | D:5      | XOM: cast spell 'Summon Small Mammal'
  9519 | D:5      | XOM: divination: detect items
  9520 | D:5      | XOM: potion effect (invisibility)
  9526 | D:5      | Killed Pikel
  9527 | D:5      | Reached skill level 5 in Fighting
  9527 | D:5      | Reached skill level 5 in Dodging
  9527 | D:5      | Reached skill level 7 in Stealth
  9527 | D:5      | Reached XP level 8. HP: 27/55 MP: 5/8
  9573 | D:5      | XOM: 1-stop teleportation journey
  9649 | D:5      | Noticed Grinder
  9652 | D:5      | XOM: enchant monster (good)
  9657 | D:5      | Killed Grinder
  9658 | D:5      | Reached skill level 8 in Stealth
  9760 | D:5      | Reached XP level 9. HP: 41/61 MP: 5/9
  9837 | D:5      | XOM: god gift: 15 gold pieces
 10014 | D:5      | XOM: scenery: create altars
 10316 | D:5      | XOM: scenery: 1 fountains blood, 1 doors open, 3 doors
                  | close
 10560 | D:6      | Found an opulent altar of Gozag.
 10627 | D:5      | Bought a scroll labelled NUNIEG ZIETO for 27 gold pieces
 10692 | D:6      | XOM: summons friendly shadow imp
 10713 | D:6      | Reached skill level 9 in Stealth
 10796 | D:6      | XOM: enchant monster (good)
 10812 | D:6      | XOM: summons friendly quasit
 11368 | D:6      | XOM: chaos upgrade
 11380 | D:6      | Reached skill level 10 in Stealth
 11603 | D:6      | XOM: divination: detect items
 11709 | D:6      | Found a runed translucent gate.
 11709 | D:6      | Found a runed translucent gate.
 11709 | D:6      | Found a runed translucent gate.
 11728 | D:6      | Noticed Hubris850's ghost (amateur DrSh)
 11791 | D:6      | Found a snail-covered altar of Cheibriados.
 11843 | D:6      | Found Tristan's Dragon-Slaying Spoils.
 11944 | D:6      | XOM: divination: magic mapping
 11949 | D:6      | XOM: enchant monster (good)
 11960 | D:6      | Killed Hubris850's ghost
 11961 | D:6      | Reached XP level 10. HP: 54/69 MP: 8/10
 11984 | D:6      | Reached skill level 11 in Stealth
 12256 | D:7      | XOM: cast spell 'Summon Mana Viper'
 12376 | D:7      | XOM: cast spell 'Olgreb's Toxic Radiance'
 12519 | D:7      | XOM: noise
 12665 | D:7      | XOM: scenery: 1 doors open, 1 doors close
 12691 | D:7      | Noticed Menkaure
 12697 | D:7      | XOM: divination: detect items
 12702 | D:7      | XOM: noise
 12705 | D:7      | Killed Menkaure
 12790 | D:7      | Found a runed translucent gate.
 12790 | D:7      | Found a runed translucent gate.
 12790 | D:7      | Found a runed translucent gate.
 12790 | D:7      | Noticed Findleman's ghost (novice DsMo)
 12792 | D:7      | Found a basalt altar of Yredelemnul.
 13098 | D:8      | Noticed an orange demon
 13099 | D:8      | Noticed Amaemon
 13121 | D:8      | Killed an orange demon
 13123 | D:8      | Killed Amaemon
 13124 | D:8      | Reached skill level 12 in Stealth
 13405 | D:8      | XOM: potion effect (curing)
 13485 | D:8      | XOM: 1-stop teleportation journey
 13509 | D:8      | Noticed Maurice
 13510 | D:8      | Noticed Psyche
 13724 | D:7      | XOM: god gift: potion of brilliance
 13732 | D:8      | XOM: summons 5 friendly demons
 13876 | D:7      | XOM: 6-stop teleportation journey
 14074 | D:8      | Killed Psyche
 14075 | D:8      | Reached XP level 11. HP: 75/75 MP: 11/11
 14142 | D:8      | XOM: confuse monster(s)
 14144 | D:8      | Found a blossoming altar of Fedhas.
 14147 | D:8      | XOM: enchant monster (good)
 14166 | D:8      | Maurice changed into Maurice the basilisk
 14166 | D:8      | Noticed Maurice
 14166 | D:8      | XOM: polymorph Maurice -> Maurice the basilisk
 14180 | D:8      | Killed Maurice the basilisk
 14227 | D:8      | Noticed Jeremiah
 14234 | D:8      | Noticed Joseph
 14246 | D:8      | Killed Joseph
 14247 | D:8      | Reached skill level 5 in Evocations
 14433 | D:8      | Found a staircase to the Lair.
 14541 | D:8      | Found a white marble altar of Elyvilon.
 14541 | D:8      | Noticed Grum
 14543 | D:8      | XOM: confuse monster(s)
 14548 | D:8      | Reached skill level 13 in Stealth
 14550 | D:8      | Killed Grum
 14574 | D:8      | XOM: divination: magic mapping
 14576 | D:8      | Killed Jeremiah
 14706 | D:8      | XOM: divination: magic mapping
 14864 | D:9      | XOM: silly message
 15038 | D:9      | Found an ornate altar of the Wu Jian Council.
 15131 | D:9      | XOM: silly message
 15242 | D:9      | Found a radiant altar of Vehumet.
 15358 | D:9      | XOM: potion effect (invisibility)
 15402 | D:9      | Found a stormy altar of Qazlal.
 15683 | D:9      | Found a shadowy altar of Dithmenos.
 15708 | D:9      | XOM: chaos upgrade
 15930 | D:9      | Identified the +8 scimitar "Kecannene" {venom, rPois rC+}
 15953 | D:10     | Entered Level 10 of the Dungeon
 15958 | D:10     | Reached skill level 1 in Shapeshifting
 15967 | D:10     | Found Urpher's Magic Scroll Emporium.
 15976 | D:10     | Bought a scroll of identify for 26 gold pieces
 15976 | D:10     | Bought 3 scrolls of teleportation for 117 gold pieces
 16130 | D:10     | XOM: summons 6 hostile demons
 16292 | D:10     | Found a staircase to the Orcish Mines.
 16309 | D:10     | XOM: give mutation
 16309 | D:10     | Gained mutation: Your natural rate of healing is unusually
                  | fast. [Xom's grace]
 16318 | D:10     | XOM: divination: magic mapping
 16322 | D:10     | Reached skill level 14 in Stealth
 16324 | D:10     | HP: 2/75 [orc priest/divine providence (8)]
 16328 | D:10     | XOM: divination: detect items
 16389 | D:10     | XOM: give mutations
 16389 | D:10     | Gained mutation: You are partially covered in large bone
                  | plates. (SH +4) [Xom's mischief]
 16389 | D:10     | Lost mutation: You possess an exceptional clarity of mind.
                  | [Xom's mischief]
 16421 | D:10     | Found a shimmering blue altar of Sif Muna.
 16446 | D:10     | Identified the +1 robe of Recklessness {rPois}
 16618 | D:10     | XOM: scenery: create altars
 16921 | Lair:1   | Entered Level 1 of the Lair of Beasts
 17096 | Lair:1   | XOM: divine lightning
 17101 | Lair:1   | XOM: scenery: 1 doors open, 1 doors close
 17113 | Lair:1   | XOM: divine lightning
 17142 | Lair:1   | Found a frozen archway.
 17150 | IceCv    | Entered an ice cave
 17173 | IceCv    | Noticed a quicksilver ooze
 17178 | IceCv    | XOM: enchant monster (good)
 17188 | IceCv    | Killed a quicksilver ooze
 17189 | IceCv    | Reached XP level 12. HP: 50/82 MP: 0/12
 17376 | IceCv    | XOM: fog
 17382 | IceCv    | XOM: summons friendly quasit
 17437 | IceCv    | XOM: enchant monster (good)
 17451 | IceCv    | Found a viscous altar of Jiyva.
 17451 | IceCv    | Noticed an azure jelly
 17451 | IceCv    | XOM: 3-stop teleportation journey
 17588 | IceCv    | XOM: polymorph slime creature -> merfolk
 17598 | IceCv    | XOM: smoke on damage
 17607 | IceCv    | XOM: cleaving
 17609 | IceCv    | XOM: confusion
 17615 | IceCv    | Noticed an azure jelly
 17622 | IceCv    | a slime creature changed into a skyshark
 17622 | IceCv    | Noticed a skyshark
 17622 | IceCv    | XOM: polymorph large slime creature -> floating eye
 17628 | IceCv    | Paralysed by a floating eye for 3 turns
 17629 | IceCv    | HP: 3/82 [azure jelly (12)]
 17629 | IceCv    | HP: 1/82 [azure jelly (2)]
 17629 | IceCv    | Mangled by an azure jelly

Illustrated notes

Levels and vault maps discovered:
D:1:      wander_arrival_fairy_ring, layout_loops_ring, serial_bayou,
          serial_bayou_pond_d, serial_bayou_pond_c, serial_bayou_lagoon_a,
          serial_bayou_lake_a
D:2:      minmay_razor_zed, layout_basic, serial_shops,
          nicolae_shop_statue_plus, reono_crystal_passage
D:3:      layout_loops_ring, trog_antimagical, zin_angel, uniq_jessica,
          uniq_natasha, uniq_ijyb
D:4:      layout_cave_pools, mainiacjoe_overflow_surrounded_room,
          minmay_temple_entry_ruins, uniq_eustachio, uniq_crazy_yiuf_cottage
D:5:      layout_loops_ring, grunt_decor_one_mirror, nicolae_hexahallways,
          chequers_serial_rivers_micro_b, nicolae_take_the_stairs, minivault_14,
          serial_park_tiny_1, uniq_grinder, uniq_pikel
D:6:      layout_cave_pools, nicolae_overflow_crystal_walls,
          lemuel_coloured_pillars_altar, serial_gnoll_camp, gnoll_camp_mini_hut,
          gnoll_camp_huts_basic, gnoll_camp_mini_doghouse, gnoll_camp_mini_hut,
          gammafunk_ghost_nasty_kobolds, nicolae_shop_dragon_depot,
          minmay_misc_feat_tower
D:7:      layout_gridville, nicolae_yredelemnul_ghost_church, uniq_menkaure
D:8:      layout_gridville, mainiacjoe_overflow_alcove_4,
          fedhas_altar_fruit_tree, erik_lair_orcish_takeover, moated_statue,
          roderic_roman_lattice, kennysheep_nondescript, uniq_psyche,
          uniq_maurice, uniq_joseph, uniq_amaemon, uniq_grum, uniq_jeremiah
D:9:      layout_grid_maze, lemuel_doored_altar, vehumet_statue,
          mainiacjoe_overflow_small_starburst, nzn_wu_jian_council_hall,
          kennysheep_generic_room_5
D:10:     layout_small_grid, lemuel_tele_altar, david_orc_1_choice,
          serial_shops, nicolae_shop_hallway_stairs, fountainhead
Lair:1:   layout_roguey, portal_ice_cave_entry_pillars_1, pond
IceCv:    ice_cave_hellmonk_azure_passage

Skill      XL: |  1  2  3  4  5  6  7  8  9 10 11 12 |
---------------+-------------------------------------+-----
Stealth        | 1 3 4 5 7 8 10 12 14 | 14.8
Short Blades   | 4 5 6 8 9 |  9.7
Dodging        | 3 5 7 8 9 |  9.2
Fighting       | 4 5 6 7 8 |  8.1
Evocations     | 1 2 4 6 |  6.8
Shapeshifting  | 2 3 |  3.0
Shields        | |  0.2

Action                     |  1- 3 |  4- 6 |  7- 9 | 10-12 || total
---------------------------+-------+-------+-------+-------++-------
  Melee: Short sword       |   100 |   163 |   297 |   202 ||   762
         Constrict         |    24 |    24 |    66 |    65 ||   179
         Tentacles         |    15 |    28 |    97 |   137 ||   277
         Punch             |     2 |     2 |     3 |     8 ||    15
         Dagger            |       |       |       |   259 ||   259
  Evoke: Wand              |       |     4 |     1 |     8 ||    13
    Use: Scroll            |       |     3 |     1 |    15 ||    19
         Potion            |       |     8 |       |     5 ||    13
   Stab: Sleeping          |     3 |     8 |    16 |    38 ||    65
         Distracted        |     1 |       |       |     5 ||     6
         Paralysed         |       |     1 |     1 |     1 ||     3
         Confused          |       |       |     2 |     7 ||     9
         Petrified         |       |       |     2 |     1 ||     3
         Petrifying        |       |       |     1 |     1 ||     2
         Invisible         |       |       |       |     6 ||     6
 Armour: Skin              |    15 |    55 |    25 |    51 ||   146
  Dodge: Dodged            |    56 |   100 |   160 |   372 ||   688
  Block: Other             |       |       |       |    13 ||    13

Table legend: (Time is in decaauts)
 A = Elapsed time spent in this place.
 B = Non-inter-level travel time spent in this place.
 C = Inter-level travel time spent in this place.
 D = Time resting spent in this place.
 E = Time spent auto-exploring this place.
 F = Levels seen in this place.
 G = Mean time per level.
                   A        B        C        D        E       F      G
               +--------+--------+--------+--------+--------+-----+--------+
         Total |  17236 |  16703 |    533 |   7250 |   7176 |  12 | 1436.3 |
       Dungeon |  16610 |  16077 |    533 |   7174 |   6979 |  10 | 1661.0 |
          Lair |    214 |    214 |      0 |     23 |     22 |   1 |  214.0 |
      Ice Cave |    411 |    411 |      0 |     53 |    175 |   1 |  411.0 |
               +--------+--------+--------+--------+--------+-----+--------+

Top non-repeatable levels by time:
     D:1: 5474 daAuts
     D:2: 1932 daAuts
     D:7: 1424 daAuts
     D:6: 1345 daAuts
     D:5: 1276 daAuts
     D:8: 1212 daAuts
     D:9: 1183 daAuts
     D:3: 972 daAuts
     D:4: 949 daAuts
    D:10: 839 daAuts
   IceCv: 411 daAuts
  Lair:1: 214 daAuts
